[Event "Titled Tuesday Blitz January 17 Late 2023"]
[White "Artemiev, Vladislav"]
[Black "Weetik, Vjacheslav"]
[WhiteFideId "24101605"]
[BlackFideId "4153472"]
[WhiteElo "2701"]
[BlackElo "2423"]
[Result "1-0"]
[Round "04"]
[TimeControl "180+2"]
[Date "2023.01.17"]
[WhiteClock "0:00:02"]
[BlackClock "0:00:02"]

1. e4 c6 2. d4 d5 3. exd5 cxd5 4. Bd3 Nc6 5. c3 Nf6 6. h3 g6 7. Nf3 Bf5 8. O-O Bg7 9. Bf4 O-O 10. Re1 Qb6 11. Re2 Bxd3 12. Qxd3 Ne4 13. Na3 Rad8 14. Rae1 e6 15. Ng5 Nf6 16. h4 Rd7 17. Qe3 h6 18. Nf3 Ng4 19. Qd2 Kh7 20. Qd3 Kg8 21. Nb1 Qa6 22. Qxa6 bxa6 23. Nbd2 Rc8 24. Nb3 Bf8 25. Nc5 Bxc5 26. dxc5 a5 27. Nd4 e5 28. Nxc6 Rxc6 29. Bc1 e4 30. b4 Ne5 31. Rd1 h5 32. Rd4 Nd3 33. Bg5 f6 34. Bh6 Rb7 35. Bd2 axb4 36. cxb4 a5 37. Rxd5 Nxb4 38. Rd6 Rxd6 39. cxd6 f5 40. Bg5 Kf7 41. Rd2 Rd7 42. Rd4 Ke6 43. a3 Nd5 44. Ra4 Rxd6 45. Rxa5 Rc6 46. g3 Rc2 47. Kf1 Rc6 48. Ra8 Nc7 49. Ra7 Rc2 50. a4 Rc1+ 51. Bxc1 Nd5 52. Be3 1-0


[Site "https://www.chess.com"]

[Event "Titled Tuesday Blitz January 17 Late 2023"]
[White "Prado Lobo, Jonas"]
[Black "Naroditsky, Daniel"]
[WhiteFideId "32050666"]
[BlackFideId "2026961"]
[WhiteElo "2313"]
[BlackElo "2618"]
[Result "1-0"]
[Round "04"]
[TimeControl "180+2"]
[Date "2023.01.17"]
[WhiteClock "0:00:09"]
[BlackClock "0:00:44"]

1. Nf3 Nf6 2. d4 g6 3. g3 Bg7 4. Bg2 O-O 5. O-O d6 6. Nc3 d5 7. Re1 Bf5 8. Ne5 c6 9. Bf4 Nbd7 10. Qd2 Re8 11. h3 Ne4 12. Nxe4 Bxe4 13. Nxd7 Qxd7 14. f3 Bf5 15. g4 Be6 16. c3 Rac8 17. Rad1 c5 18. dxc5 Rxc5 19. Be3 Rcc8 20. f4 Red8 21. Bxa7 Qa4 22. Bd4 Bxd4+ 23. Qxd4 Qxa2 24. Qb4 Qa7+ 25. Kh1 Qf2 26. f5 Bd7 27. Qxe7 Bc6 28. Rf1 Rd7 29. Qxd7 Qxf1+ 30. Rxf1 Bxd7 31. fxg6 hxg6 32. Bxd5 Be8 33. Rf6 Rc5 34. e4 Rb5 35. b4 Kf8 36. g5 Ke7 37. Kg1 Kd8 38. Kf2 Bc6 39. Bxc6 bxc6 40. Rxf7 Rxg5 41. Ke3 Rg3+ 42. Kd4 Rxh3 43. c4 g5 44. Rg7 Rg3 45. Kc5 Rc3 46. Rxg5 Kd7 47. Rg7+ Ke6 48. Rg6+ Kd7 49. Rd6+ Kc7 50. Rxc6+ Kb7 51. Rd6 Rg3 52. Rd5 Kc7 53. b5 Rg6 54. Rf5 Re6 55. e5 Re8 56. Rf7+ Re7 57. Rxe7+ Kc8 58. Kd6 Kb8 59. Kc6 1-0


[Site "https://www.chess.com"]

[Event "Titled Tuesday Blitz January 17 Late 2023"]
[White "Martinez Alcantara, Jose Eduardo"]
[Black "Sebag, Marie"]
[WhiteFideId "3805662"]
[BlackFideId "617822"]
[WhiteElo "2619"]
[BlackElo "2430"]
[Result "1-0"]
[Round "04"]
[TimeControl "180+2"]
[Date "2023.01.17"]
[WhiteClock "0:00:39"]
[BlackClock "0:00:05"]

1. Nf3 d5 2. g3 c6 3. Bg2 Bg4 4. O-O Nd7 5. c4 e6 6. Qb3 Qb6 7. d3 Ngf6 8. Nc3 Be7 9. Be3 Qxb3 10. axb3 a6 11. Na4 O-O 12. Rfc1 e5 13. h3 Bh5 14. g4 Bg6 15. Nh4 d4 16. Bd2 Rfe8 17. Nxg6 hxg6 18. c5 Bf8 19. b4 Rad8 20. Bg5 Rc8 21. Rd1 Nd5 22. Bd2 f6 23. e3 dxe3 24. fxe3 g5 25. Be4 Be7 26. Bxd5+ cxd5 27. d4 Rcd8 28. Nc3 Nb8 29. Be1 exd4 30. exd4 Nc6 31. b5 axb5 32. Nxb5 Bf8 33. Bf2 Re2 34. b3 Rde8 35. Nc3 Rc2 36. Rac1 Rxc1 37. Rxc1 Nb4 38. Ra1 Nd3 39. Rd1 Nxf2 40. Kxf2 Rd8 41. b4 g6 42. Ra1 f5 43. Ra7 Bg7 44. Nb5 Rb8 45. Ke3 f4+ 46. Kd3 Bf6 47. Nc3 Re8 48. Nxd5 Bd8 49. Ra8 Kf7 50. Ra1 Ke6 51. Re1+ Kd7 52. Rxe8 Kxe8 53. Ke4 Kd7 54. b5 Ke6 55. Nb4 Kd7 56. Nd3 Bf6 57. d5 1-0


[Site "https://www.chess.com"]

[Event "Titled Tuesday Blitz January 17 Late 2023"]
[White "Kochetov, Andrey"]
[Black "Paravyan, David"]
[WhiteFideId "24130532"]
[BlackFideId "4194985"]
[WhiteElo "2165"]
[BlackElo "2601"]
[Result "0-1"]
[Round "04"]
[TimeControl "180+2"]
[Date "2023.01.17"]
[WhiteClock "0:00:01"]
[BlackClock "0:00:04"]

1. e4 e5 2. Nf3 Nf6 3. Nxe5 d6 4. Nf3 Nxe4 5. d4 d5 6. Bd3 Bd6 7. O-O O-O 8. h3 Re8 9. c4 c6 10. Nc3 Nxc3 11. bxc3 dxc4 12. Bxc4 b5 13. Bxf7+ Kxf7 14. Ng5+ Kg6 15. g4 Qf6 16. f4 Bf5 17. gxf5+ Qxf5 18. Rf2 h6 19. Rg2 Kf6 20. Qh5 Re1+ 21. Kf2 Re7 22. Bd2 hxg5 23. Rxg5 Qd3 24. Rag1 Qxd2+ 25. Kg3 Qxf4+ 26. Kg2 Qh2+ 27. Kf1 Qf4+ 28. Kg2 Qxg5+ 0-1


[Site "https://www.chess.com"]

[Event "Titled Tuesday Blitz January 17 Late 2023"]
[White "Pert, Richard G"]
[Black "Dardha, Daniel"]
[WhiteFideId "404748"]
[BlackFideId "240990"]
[WhiteElo "2412"]
[BlackElo "2631"]
[Result "0-1"]
[Round "04"]
[TimeControl "180+2"]
[Date "2023.01.17"]
[WhiteClock "0:00:18"]
[BlackClock "0:00:15"]

1. d4 Nf6 2. Bg5 g6 3. Bxf6 exf6 4. e3 d5 5. Ne2 c6 6. g3 Bd6 7. Bg2 Nd7 8. Nd2 f5 9. c4 dxc4 10. Nxc4 Bc7 11. Rc1 Nf6 12. b4 Be6 13. a4 h5 14. Nf4 Bxf4 15. gxf4 Bd5 16. Rg1 Bxg2 17. Rxg2 Qd5 18. f3 Rd8 19. Ne5 Nd7 20. Nd3 O-O 21. Kf2 Kh7 22. Qc2 a5 23. Qc4 Qxc4 24. Rxc4 Nb6 25. Rc1 axb4 26. a5 Nd5 27. Rb1 Rfe8 28. Ne5 f6 29. Nc4 Re7 30. Rb3 Rde8 31. Rg1 Re6 32. Ra1 h4 33. a6 bxa6 34. Rxa6 Nxf4 35. exf4 Re2+ 36. Kg1 Re1+ 37. Kg2 R8e2+ 38. Kh3 Rh1 39. Kxh4 Rhxh2+ 40. Kg3 Reg2# 0-1


[Site "https://www.chess.com"]

[Event "Titled Tuesday Blitz January 17 Late 2023"]
[White "Sanal, Vahap"]
[Black "Rodrigues, Tiago Pereira"]
[WhiteFideId "6300545"]
[BlackFideId "2101203"]
[WhiteElo "2600"]
[BlackElo "2155"]
[Result "1-0"]
[Round "04"]
[TimeControl "180+2"]
[Date "2023.01.17"]
[WhiteClock "0:00:34"]
[BlackClock "0:00:01"]

1. d4 d5 2. c4 c6 3. cxd5 cxd5 4. Bf4 Nc6 5. e3 e6 6. Nc3 Bd6 7. Bg3 Nge7 8. Bd3 b6 9. Nf3 Bb7 10. a3 Rc8 11. Rc1 h6 12. Bb1 f5 13. Nb5 Bb8 14. Bxb8 Rxb8 15. Ne5 O-O 16. O-O a6 17. Nxc6 Bxc6 18. Nc3 Qd6 19. Bd3 a5 20. Nb5 Bxb5 21. Bxb5 Rfc8 22. Qa4 Rxc1 23. Rxc1 Rc8 24. Rxc8+ Nxc8 25. h3 Qc7 26. Bd7 Kf7 27. Bxc8 Qxc8 28. Qb5 Qc7 29. g3 g6 30. Kg2 Ke7 31. b4 axb4 32. Qxb4+ Qd6 33. Qa4 h5 34. Qa7+ Kf6 35. h4 Qc6 36. a4 Qd6 37. Qa6 Qc7 38. Qa8 Kg7 39. Qe8 Qd6 40. Qc8 Kf7 41. Kf3 Kg7 42. Qa6 Qc7 43. Qb5 Kf7 44. Qb3 Ke7 45. Qb4+ Kf7 46. Qb5 Ke7 47. Qa6 Qb8 48. Ke2 Kd7 49. Qb5+ Kc7 50. Kf3 Qd8 51. a5 bxa5 52. Qxa5+ Kd7 53. Qxd8+ Kxd8 54. Kf4 Ke7 55. Ke5 Kf7 56. Kd6 Kf6 57. Kd7 Kf7 58. f4 1-0


[Site "https://www.chess.com"]

[Event "Titled Tuesday Blitz January 17 Late 2023"]
[White "Tari, Aryan"]
[Black "Janaszak, Dawid"]
[WhiteFideId "1510045"]
[BlackFideId "1119206"]
[WhiteElo "2642"]
[BlackElo "2316"]
[Result "1-0"]
[Round "04"]
[TimeControl "180+2"]
[Date "2023.01.17"]
[WhiteClock "0:01:04"]
[BlackClock "0:00:01"]

1. b3 c5 2. Bb2 Nc6 3. e3 e5 4. c4 Nf6 5. Nc3 Be7 6. g4 d6 7. g5 Nd7 8. h4 h6 9. g6 fxg6 10. Qc2 Nf8 11. Nd5 Bf5 12. Bd3 Qd7 13. Ne2 O-O-O 14. Ng3 Bxd3 15. Qxd3 Kb8 16. O-O-O h5 17. a3 Bf6 18. Ne4 Qe6 19. Rdg1 Ne7 20. Ng5 Bxg5 21. Rxg5 Nxd5 22. cxd5 Qf7 23. f4 exf4 24. Rf1 Qd7 25. Rxf4 Rg8 26. Rg3 Rc8 27. Kb1 a6 28. Rgf3 Ka7 29. Rf7 Qg4 30. R3f4 Qg1+ 31. Ka2 Rb8 32. b4 cxb4 33. Bd4+ Ka8 34. Qxa6+ bxa6 35. Ra7# 1-0


[Site "https://www.chess.com"]

[Event "Titled Tuesday Blitz January 17 Late 2023"]
[White "Hirneise, Jens"]
[Black "Pap, Gyula"]
[WhiteFideId "24614734"]
[BlackFideId "725323"]
[WhiteElo "2277"]
[BlackElo "2429"]
[Result "1-0"]
[Round "04"]
[TimeControl "180+2"]
[Date "2023.01.17"]
[WhiteClock "0:00:09"]
[BlackClock "0:00:05"]

1. e4 e5 2. Ne2 Nc6 3. d4 exd4 4. Nxd4 Nf6 5. Nxc6 bxc6 6. Qe2 Qe7 7. Nd2 d6 8. g3 g6 9. Bg2 Nd7 10. e5 d5 11. f4 Nc5 12. c4 Ba6 13. b4 Na4 14. b5 Bc8 15. cxd5 Bg7 16. d6 Qd8 17. Bxc6+ Bd7 18. dxc7 Qc8 19. Bxa8 Qxa8 20. Qe4 O-O 21. O-O Bxb5 22. Qxa8 Rxa8 23. Rf3 Rc8 24. Rb3 a6 25. Ne4 Rxc7 26. Nd6 Nc3 27. Nxb5 axb5 28. Bd2 Ne2+ 29. Kf2 Nd4 30. Rc3 Rd7 31. Rc8+ Bf8 32. Bb4 Ne6 33. Bxf8 Nxf8 34. Ke2 Kg7 35. Rb1 Ra7 36. Rb2 Ne6 37. Rb8 h5 38. Kf2 Nd4 39. Rd8 Ne6 40. Rd5 b4 41. Rb5 Ra3 42. R5xb4 Nc5 43. Kg2 Ra8 44. Rc4 Nd3 45. Rd2 Ra3 46. Rd4 Nc1 47. Rd7 Kg8 48. Rc2 Nxa2 49. Rcc7 Nb4 50. Rxf7 Ra2+ 51. Kf3 Ra3+ 52. Ke4 Ra4 53. Ke3 Nd5+ 54. Kf2 Ra2+ 55. Kf3 Ra3+ 56. Ke4 Nxc7 57. Rxc7 Ra2 58. h3 Ra3 59. e6 Kf8 60. Ke5 Rxg3 61. Kf6 Kg8 62. Rc8+ Kh7 63. e7 1-0


[Site "https://www.chess.com"]

[Event "Titled Tuesday Blitz January 17 Late 2023"]
[White "Karttunen, Mika"]
[Black "Jones, Gawain C B"]
[WhiteFideId "502081"]
[BlackFideId "409561"]
[WhiteElo "2490"]
[BlackElo "2618"]
[Result "0-1"]
[Round "04"]
[TimeControl "180+2"]
[Date "2023.01.17"]
[WhiteClock "0:00:02"]
[BlackClock "0:00:49"]

1. d4 d6 2. e4 Nf6 3. f3 c5 4. dxc5 Qa5+ 5. Nc3 Qxc5 6. Bf4 e5 7. Bg5 Be6 8. Qd2 Nbd7 9. Bb5 a6 10. Bxd7+ Nxd7 11. Nge2 Rc8 12. Be3 Qc7 13. Rc1 Nb6 14. b3 Be7 15. Nd5 Nxd5 16. exd5 Bf5 17. h4 h6 18. g4 Bh7 19. g5 Qd8 20. c4 Bg6 21. Kf2 hxg5 22. hxg5 Kd7 23. c5 Rxh1 24. Rxh1 dxc5 25. d6 Bxd6 26. Rd1 Ke7 27. Nc3 Rc6 28. Nd5+ Kd7 29. Qc3 Kc8 30. a4 Qh8 31. Kg2 e4 32. f4 Qh5 33. Rf1 Qg4+ 34. Kf2 Bh5 35. Qd2 Qh4+ 36. Kg1 Bf3 0-1


[Site "https://www.chess.com"]

[Event "Titled Tuesday Blitz January 17 Late 2023"]
[White "Martynov, Pavel"]
[Black "Kravtsiv, Martyn"]
[WhiteFideId "4101260"]
[BlackFideId "14113147"]
[WhiteElo "2414"]
[BlackElo "2598"]
[Result "1-0"]
[Round "04"]
[TimeControl "180+2"]
[Date "2023.01.17"]
[WhiteClock "0:00:07"]
[BlackClock "0:00:02"]

1. e4 e5 2. Nf3 Nc6 3. Bb5 a6 4. Ba4 Nf6 5. d3 b5 6. Bb3 Be7 7. c3 O-O 8. Nbd2 d6 9. Nf1 Na5 10. Bc2 c5 11. Ng3 Nc6 12. O-O Be6 13. a4 h6 14. h3 Qc7 15. Qe2 Rfe8 16. Bd2 d5 17. Rfe1 Bf8 18. axb5 axb5 19. Rxa8 Rxa8 20. exd5 Bxd5 21. Nxe5 Re8 22. f4 Bd6 23. Qf2 Nxe5 24. fxe5 Rxe5 25. Rxe5 Bxe5 26. Nf5 Nh5 27. Bd1 Ng3 28. Nxg3 Bxg3 29. Qe3 Bc6 30. Bf3 Bxf3 31. Qxf3 Qd6 32. Qe4 Be5 33. Be3 h5 34. d4 cxd4 35. cxd4 Bg3 36. Bf2 Bxf2+ 37. Kxf2 Kf8 38. Qa8+ Ke7 39. Qb7+ Qd7 40. Qe4+ Kf8 41. Qa8+ Qe8 42. Qd5 g6 43. Qc5+ Kg8 44. d5 Qd7 45. b4 Kg7 46. Ke3 g5 47. Kd4 Qe8 48. Qc6 Qe2 49. d6 Qd2+ 50. Kc5 Kf6 51. Kb6 Ke6 52. Kc7 Qf4 53. Qd7+ Kf6 54. Qe7+ 1-0


[Site "https://www.chess.com"]

[Event "Titled Tuesday Blitz January 17 Late 2023"]
[White "Kadric, Denis"]
[Black "Rangel, Daniel"]
[WhiteFideId "14403803"]
[BlackFideId "2124475"]
[WhiteElo "2601"]
[BlackElo "2207"]
[Result "1-0"]
[Round "04"]
[TimeControl "180+2"]
[Date "2023.01.17"]
[WhiteClock "0:01:39"]
[BlackClock "0:00:02"]

1. e4 c5 2. Nc3 g6 3. Nge2 Bg7 4. d4 cxd4 5. Nxd4 Nc6 6. Be3 Nf6 7. Bc4 O-O 8. Bb3 Re8 9. f3 e6 10. Qd2 d5 11. O-O-O Nxd4 12. Bxd4 e5 13. Bf2 d4 14. Ne2 Be6 15. Bxe6 Rxe6 16. c3 Qa5 17. Kb1 Ra6 18. b3 Bh6 19. Qb2 dxc3 20. Nxc3 Rc8 21. Nd5 Nxd5 22. Rxd5 Qc7 23. Rc5 Rc6 24. Rxc6 Qxc6 25. Rd1 Bf8 26. Rc1 Qxc1+ 27. Qxc1 Rxc1+ 28. Kxc1 a6 29. Kc2 b5 30. Kd3 f6 31. g3 Kf7 32. f4 Bd6 33. Be3 Ke6 34. Ke2 Kf7 35. Kf3 Ke6 36. Kg4 Be7 37. h4 h5+ 38. Kf3 Kf7 39. f5 Bd6 40. g4 Kg7 41. Kg3 Kh7 42. g5 gxf5 43. exf5 Kg7 44. Kf3 Kf7 45. Ke4 Be7 46. Kd5 Bd8 47. g6+ Kg7 48. Ke6 Bc7 49. Bc5 1-0


[Site "https://www.chess.com"]

[Event "Titled Tuesday Blitz January 17 Late 2023"]
[White "Mikaelyan, Arman"]
[Black "Cori T., Deysi"]
[WhiteFideId "13304852"]
[BlackFideId "3801934"]
[WhiteElo "2523"]
[BlackElo "2362"]
[Result "1-0"]
[Round "04"]
[TimeControl "180+2"]
[Date "2023.01.17"]
[WhiteClock "0:00:32"]
[BlackClock "0:00:01"]

1. d4 e6 2. Nf3 Nf6 3. g3 b6 4. Bg2 Bb7 5. O-O d6 6. c4 Nbd7 7. Nc3 g6 8. Qc2 Bg7 9. e4 O-O 10. h3 a5 11. Rd1 h6 12. Be3 Qe7 13. Rac1 Rfd8 14. a3 Rac8 15. b4 axb4 16. axb4 e5 17. d5 c6 18. dxc6 Bxc6 19. Nd2 Ne8 20. Qd3 Rb8 21. Nd5 Qe6 22. Nb3 Kh7 23. Ra1 f5 24. exf5 gxf5 25. Ra7 e4 26. Qd2 Bxd5 27. cxd5 Qg6 28. Nd4 Nef6 29. Ne6 Rdc8 30. Bd4 Ra8 31. Rda1 Rxa7 32. Rxa7 Rg8 33. Qb2 Ne5 34. Bxe5 dxe5 35. Qxe5 Kh8 36. Nxg7 Rxg7 37. Rxg7 Kxg7 38. d6 Qf7 39. Qxf5 Qb3 40. Kh2 1-0


[Site "https://www.chess.com"]

[Event "Titled Tuesday Blitz January 17 Late 2023"]
[White "Megalios, Konstantinos"]
[Black "Quispe Arteaga, Gabriel"]
[WhiteFideId "4238044"]
[BlackFideId "32059809"]
[WhiteElo "2372"]
[BlackElo "2381"]
[Result "1/2-1/2"]
[Round "04"]
[TimeControl "180+2"]
[Date "2023.01.17"]
[WhiteClock "0:00:10"]
[BlackClock "0:00:04"]

1. Nf3 Nf6 2. c4 c5 3. Nc3 d5 4. cxd5 Nxd5 5. e3 Nxc3 6. bxc3 g6 7. d4 Bg7 8. Bb5+ Bd7 9. Bxd7+ Nxd7 10. O-O O-O 11. Rb1 Qc7 12. e4 Rac8 13. Bg5 cxd4 14. cxd4 Nf6 15. Bxf6 Bxf6 16. e5 Bg7 17. Qb3 b6 18. h4 e6 19. Rfd1 Rfd8 20. a4 Qc4 21. a5 bxa5 22. Qxc4 Rxc4 23. Rb7 Bf8 24. Rxa7 Bb4 25. g3 h6 26. Kf1 Rc2 27. Nh2 Kg7 28. Nf3 Rd5 29. Kg2 Bf8 30. Rb1 Bb4 31. Rd1 Kg8 32. Rd3 Rd8 33. Rd1 Rdc8 34. d5 exd5 35. Rxd5 R2c7 36. Rd7 Rxd7 37. Rxd7 Ra8 38. e6 fxe6 39. Ne5 a4 40. Ng4 Bc3 41. Rc7 Bg7 42. Rc2 a3 43. Ra2 Bf8 44. Ne5 Bd6 45. Nxg6 Kf7 46. h5 Kf6 47. f4 Rb8 48. Kf3 Rb2 49. Ra1 a2 50. g4 Bc5 51. Ke4 Rb4+ 52. Kd3 Rb2 53. Ke4 Rg2 54. Kf3 Rf2+ 55. Ke4 Rb2 56. Kd3 Rg2 57. Ke4 Rxg4 58. Rxa2 Rg1 59. Ra6 Re1+ 60. Kf3 Rf1+ 61. Kg4 Rg1+ 62. Kf3 Rh1 63. Kg4 Rg1+ 64. Kf3 Rd1 65. Ne5 Bd6 66. Nc4 Be7 67. Ke4 Rh1 68. Ne3 Rxh5 69. f5 Rh4+ 70. Kf3 Kf7 71. Rxe6 Rh1 72. Ke4 Bg5 73. Nd5 Re1+ 74. Kf3 Rxe6 75. fxe6+ Kxe6 76. Nf4+ Kf5 77. Nh3 Bf6 78. Kg3 Be5+ 79. Kg2 Bd4 80. Kg3 Bc3 81. Kh4 Kg6 82. Nf4+ Kh7 83. Kh5 1/2-1/2


[Site "https://www.chess.com"]

[Event "Titled Tuesday Blitz January 17 Late 2023"]
[White "Sielecki, Christof"]
[Black "Moroni, Luca Jr"]
[WhiteFideId "4620437"]
[BlackFideId "865834"]
[WhiteElo "2419"]
[BlackElo "2535"]
[Result "1-0"]
[Round "04"]
[TimeControl "180+2"]
[Date "2023.01.17"]
[WhiteClock "0:00:17"]
[BlackClock "0:00:03"]

1. e4 e5 2. Nf3 Nc6 3. Bb5 a6 4. Ba4 Nf6 5. d3 d6 6. c3 Bd7 7. O-O g6 8. Re1 Bg7 9. Nbd2 O-O 10. Nf1 Re8 11. Ng3 b5 12. Bc2 Na5 13. b4 Nb7 14. h3 a5 15. Be3 axb4 16. cxb4 c5 17. bxc5 dxc5 18. a4 b4 19. Bb3 Qe7 20. Nf1 Na5 21. N1d2 Nh5 22. Bd5 Rac8 23. Nb3 Nxb3 24. Qxb3 Nf4 25. Rac1 Qf6 26. Bxf4 exf4 27. a5 Re7 28. d4 cxd4 29. Rxc8+ Bxc8 30. Qxb4 Rc7 31. e5 Qe7 32. Qxe7 Rxe7 33. Nxd4 Rd7 34. Nc6 Bf8 35. e6 Rxd5 36. e7 Bd7 37. exf8=Q+ Kxf8 38. Ne5 Be8 39. a6 Ra5 40. Nd3 f3 41. gxf3 Rxa6 42. Kg2 Ra5 43. Nf4 Bd7 44. h4 Bf5 45. Kg3 Kg7 46. Re3 Ra4 47. Ne2 Ra1 48. f4 h5 49. Re5 Bg4 50. f3 Bd7 51. Re3 Bc8 52. Nd4 Ra2 53. Ne2 Bd7 54. Nd4 Kf6 55. Rd3 Rb2 56. Re3 Rd2 57. Ne2 Bb5 58. Nc3 Bf1 59. Ne4+ 1-0


[Site "https://www.chess.com"]

[Event "Titled Tuesday Blitz January 17 Late 2023"]
[White "Makridis, Dimitrios"]
[Black "Berezin, Viktor"]
[WhiteFideId "25864475"]
[BlackFideId "14107872"]
[WhiteElo "2356"]
[BlackElo "2307"]
[Result "1-0"]
[Round "04"]
[TimeControl "180+2"]
[Date "2023.01.17"]
[WhiteClock "0:02:01"]
[BlackClock "0:00:03"]

1. e4 g6 2. d4 Bg7 3. Nc3 d6 4. f4 Nf6 5. Nf3 O-O 6. e5 Ne8 7. Bd3 c5 8. O-O cxd4 9. Ne4 Nc6 10. Qe1 dxe5 11. fxe5 Nxe5 12. Nxe5 Bxe5 13. Qh4 Bg7 14. Bh6 Qd5 15. Ng5 Nf6 16. Bxg7 Kxg7 17. Rxf6 h6 18. Rxf7+ Rxf7 19. Nxf7 Qxf7 20. Rf1 Bf5 21. g4 Qf6 22. Qxf6+ Kxf6 23. gxf5 g5 24. Re1 e5 25. fxe6 Ke7 26. Bc4 Rc8 27. Bb3 h5 28. Rf1 Kd6 29. Rf7 Rc5 30. Rd7+ Kc6 31. Rxd4 Re5 32. Kf2 g4 33. Rd3 Kc5 34. Re3 Rf5+ 35. Kg2 1-0


[Site "https://www.chess.com"]

[Event "Titled Tuesday Blitz January 17 Late 2023"]
[White "Iniyan, P"]
[Black "Baules Rodriguez, Jorge Luis"]
[WhiteFideId "25002767"]
[BlackFideId "6600247"]
[WhiteElo "2525"]
[BlackElo "2304"]
[Result "1-0"]
[Round "04"]
[TimeControl "180+2"]
[Date "2023.01.17"]
[WhiteClock "0:01:34"]
[BlackClock "0:00:09"]

1. b3 Nf6 2. Bb2 g6 3. c4 Bg7 4. h4 O-O 5. Qc2 h5 6. e3 b6 7. Nf3 Bb7 8. Ng5 c5 9. f3 d5 10. cxd5 Qxd5 11. Bc4 Qf5 12. Bd3 Qd7 13. Na3 Nc6 14. Bc4 Nb4 15. Qxg6 Bd5 16. Qb1 Bxc4 17. Nxc4 Nd3+ 18. Ke2 Rfd8 19. Rd1 b5 20. Ne5 Nxe5 21. Bxe5 c4 22. bxc4 bxc4 23. Bxf6 exf6 24. Qh7+ Kf8 25. Ne4 Qd3+ 26. Kf2 f5 27. Ng5 Rd7 28. Rac1 Rc8 29. Qxh5 c3 30. dxc3 Qxd1 31. Rxd1 1-0


[Site "https://www.chess.com"]

[Event "Titled Tuesday Blitz January 17 Late 2023"]
[White "Ivanisevic, Ivan"]
[Black "Bayo Milagro, Alvaro"]
[WhiteFideId "912417"]
[BlackFideId "22275240"]
[WhiteElo "2532"]
[BlackElo "2287"]
[Result "1-0"]
[Round "04"]
[TimeControl "180+2"]
[Date "2023.01.17"]
[WhiteClock "0:00:22"]
[BlackClock "0:00:26"]

1. d4 Nf6 2. c4 g6 3. Nc3 Bg7 4. h4 c5 5. d5 h6 6. e4 d6 7. Bd3 O-O 8. h5 g5 9. f4 Bg4 10. Nge2 gxf4 11. Bxf4 Nxh5 12. Qd2 Nxf4 13. Qxf4 h5 14. Ng3 e5 15. Qe3 f5 16. Nxf5 Bxf5 17. exf5 e4 18. Nxe4 Nd7 19. Ng5 Ne5 20. Ne6 Qa5+ 21. Ke2 Qb4 22. Rab1 Rae8 23. Rxh5 Rxe6 24. fxe6 Nxc4 25. Bh7+ Kh8 26. Bg6+ Kg8 27. Bf7+ Rxf7 28. exf7+ Kxf7 29. Qe6+ Kf8 30. Rf1+ 1-0


[Site "https://www.chess.com"]

[Event "Titled Tuesday Blitz January 17 Late 2023"]
[White "Jaracz, Pawel"]
[Black "ArchibaldCerveza29"]
[WhiteFideId "1102222"]
[WhiteElo "2467"]
[BlackElo "2547"]
[Result "1/2-1/2"]
[Round "04"]
[TimeControl "180+2"]
[Date "2023.01.17"]
[WhiteClock "0:00:14"]
[BlackClock "0:00:05"]

1. d4 d5 2. c4 e6 3. Nc3 Nf6 4. Nf3 c6 5. cxd5 exd5 6. Bg5 h6 7. Bxf6 Qxf6 8. e3 Bd6 9. Bd3 Bg4 10. Be2 O-O 11. O-O Nd7 12. Ne1 Bxe2 13. Qxe2 Rfe8 14. Rb1 a5 15. Nd3 Re6 16. Qg4 Rae8 17. a3 Nb6 18. Rfe1 Nc4 19. Re2 Qd8 20. a4 Rg6 21. Qh3 Bb4 22. Rc1 Rge6 23. b3 Nd6 24. Nxb4 axb4 25. Nd1 Ne4 26. f3 Nd6 27. Qg3 Nf5 28. Qf4 Qg5 29. Qxg5 hxg5 30. Kf2 Nxd4 31. Rb2 Nf5 32. Re2 g6 33. g4 Nd6 34. Nb2 f5 35. h3 d4 36. Rce1 dxe3+ 37. Rxe3 Kf7 38. Nd3 Rxe3 39. Rxe3 Rxe3 40. Kxe3 Ke6 41. Nxb4 Ke5 42. Nd3+ Kd5 43. f4 fxg4 44. hxg4 gxf4+ 45. Nxf4+ Kc5 46. Kd3 Kb4 47. Kc2 g5 48. Ne6 Ne4 49. Nxg5 Nxg5 50. Kb2 b6 51. Kc2 Nf7 52. Kb2 Kc5 53. Kc3 Kd5 54. b4 Ke5 55. a5 bxa5 56. bxa5 Nd6 57. a6 Kf4 58. Kd4 Nb5+ 59. Kc5 Kxg4 60. Kxc6 Na7+ 61. Kb7 Nb5 62. Kb6 Nd6 63. Kc6 Nc8 64. Kd7 Na7 65. Kc7 Kf5 66. Kb7 Nb5 67. Kb6 Nd6 68. Kc6 Nc8 69. Kb7 Nd6+ 70. Kb8 Nb5 71. a7 Nxa7 1/2-1/2


[Site "https://www.chess.com"]

[Event "Titled Tuesday Blitz January 17 Late 2023"]
[White "Bilan, Danila"]
[Black "Borges Feria, Yasel"]
[WhiteFideId "24161918"]
[BlackFideId "3504921"]
[WhiteElo "2303"]
[BlackElo "2439"]
[Result "0-1"]
[Round "04"]
[TimeControl "180+2"]
[Date "2023.01.17"]
[WhiteClock "0:00:04"]
[BlackClock "0:00:25"]

1. d4 Nf6 2. Nf3 e6 3. g3 b5 4. Bg2 d5 5. O-O Bb7 6. Bf4 Bd6 7. c3 O-O 8. Nbd2 Nbd7 9. Ne5 Nb6 10. e3 Ne8 11. h4 a5 12. Qe2 c5 13. h5 h6 14. Qg4 Nf6 15. Qh3 Nc4 16. Ndxc4 bxc4 17. g4 Nh7 18. Qh2 cxd4 19. exd4 Be7 20. Bg3 Ra6 21. f4 Rb6 22. Rf2 Bf6 23. Bh3 Bxe5 24. dxe5 d4 25. Bg2 Bxg2 26. Qxg2 d3 27. Rd2 a4 28. a3 Rb5 29. Bf2 Qd5 30. Bd4 Qxg2+ 31. Kxg2 Rfb8 32. Ra2 Nf8 33. Kf3 Nd7 34. Ke4 Kf8 35. g5 hxg5 36. fxg5 f6 37. gxf6 gxf6 38. Rf2 f5+ 39. Kf4 Kf7 40. Rg2 Rg8 41. Rh2 Rg4+ 42. Ke3 Nxe5 43. Bxe5 Rxe5+ 44. Kf3 Ree4 45. Ra1 Ref4+ 46. Ke3 Re4+ 47. Kf3 Rh4 48. Rah1 Rxh2 49. Rxh2 Kg7 50. h6+ Kh7 51. Kg3 Re2 0-1


[Site "https://www.chess.com"]

[Event "Titled Tuesday Blitz January 17 Late 2023"]
[White "Przybylski, Wojciech"]
[Black "Fernandez Guillen, Ernesto J."]
[WhiteFideId "1117599"]
[BlackFideId "3512428"]
[WhiteElo "2321"]
[BlackElo "2477"]
[Result "0-1"]
[Round "04"]
[TimeControl "180+2"]
[Date "2023.01.17"]
[WhiteClock "0:00:04"]
[BlackClock "0:00:22"]

1. e4 e5 2. Nf3 Nc6 3. Bb5 f5 4. d3 fxe4 5. dxe4 Nf6 6. Nc3 Bb4 7. O-O Bxc3 8. bxc3 d6 9. h3 O-O 10. Ng5 Kh8 11. Bc4 Qe7 12. f4 exf4 13. Rxf4 Ne5 14. Bb3 h6 15. Nf3 Ng6 16. Nh4 Nxf4 17. Bxf4 Qxe4 18. Qd2 d5 19. Re1 Qh7 20. Bxc7 g5 21. Bd6 Bxh3 22. Nf3 Rfe8 23. Rxe8+ Rxe8 24. gxh3 Qf5 25. Kg2 g4 26. Nh4 gxh3+ 27. Kh2 Qg5 28. Qf2 Ng4+ 29. Kg3 Nxf2+ 30. Kxf2 Qxh4+ 31. Bg3 Rf8+ 32. Ke2 Qxg3 33. Bxd5 h2 34. Be4 Rf2+ 35. Kd1 Qg1# 0-1


[Site "https://www.chess.com"]

[Event "Titled Tuesday Blitz January 17 Late 2023"]
[White "Al-Tarboush, Ward"]
[Black "Tanenbaum, Zachary"]
[WhiteFideId "7601450"]
[BlackFideId "2060850"]
[WhiteElo "2256"]
[BlackElo "2261"]
[Result "1-0"]
[Round "04"]
[TimeControl "180+2"]
[Date "2023.01.17"]
[WhiteClock "0:01:18"]
[BlackClock "0:00:02"]

1. e4 e5 2. Nf3 Nc6 3. Bb5 a6 4. Ba4 d6 5. O-O Nf6 6. Nc3 b5 7. Bb3 Na5 8. d3 Be7 9. Bg5 O-O 10. Bxf6 Bxf6 11. Nd5 Bb7 12. Nxf6+ Qxf6 13. Qd2 Nxb3 14. axb3 d5 15. Rfe1 Rfe8 16. Qg5 Qd6 17. exd5 Bxd5 18. Re3 h6 19. Qg3 f6 20. Nh4 Qd7 21. Qg6 Bf7 22. Qe4 Qd4 23. Qxd4 exd4 24. Rxe8+ Rxe8 25. Nf3 c5 26. Kf1 Re6 27. Re1 Rxe1+ 28. Kxe1 Bd5 29. Ke2 g5 30. b4 cxb4 31. Nxd4 Bxg2 32. Nf5 h5 33. f3 Kf7 34. Ne3 Bh3 35. Nd5 a5 36. Nc7 Bd7 37. Ke3 a4 38. Kd4 a3 39. bxa3 bxa3 40. Kc3 b4+ 41. Kb3 Ba4+ 42. Ka2 Bxc2 43. d4 g4 44. fxg4 hxg4 45. Na6 b3+ 46. Kxa3 f5 47. Nc5 f4 48. Nd7 Ke6 49. Ne5 f3 50. Nxg4 Kd5 51. h4 Kxd4 52. h5 Bf5 53. Nf2 Ke3 54. Nh1 1-0


[Site "https://www.chess.com"]